 Dungeon Crawl Stone Soup version 0.29-a0-275-g389c0b56f3 (webtiles) character file.

Game seed: 11862365203856126934

6827 tilp the Destroyer (level 10, -2/48 HPs)
             Began as a Felid Ice Elementalist on Mar 10, 2022.
             Was a Priest of Vehumet.
             Collided with a stone wall (10 damage)
             ... caused by a deep elf knight
             ... on level 10 of the Dungeon on Mar 12, 2022.
             The game lasted 00:31:21 (20951 turns).

tilp the Destroyer (Felid Ice Elementalist)        Turns: 20951, Time: 00:31:21

Health: -2/48      AC: 11    Str:  4    XL:     10   Next: 77%
Magic:  0/19       EV: 20    Int: 28    God:    Vehumet [***...]
Gold:   375        SH:  8    Dex: 16    Spells: 2/20 levels left
                                        Lives:  0   Deaths: 2

rFire   + . .      SeeInvis +     - Unarmed
rCold   . . .      Faith    .   (shield unavailable)
rNeg    . . .      Spirit   +   (body armour unavailable)
rPois   .          Reflect  .   (helmet unavailable)
rElec   .          Harm     .   (cloak unavailable)
rCorr   .          Rampage  .   (gloves unavailable)
Will    +....                   (boots unavailable)
Stlth   ++++......              y - brooch of Shielding {Spirit SH+8}
HPRegen 0.16/turn               q - ring of protection from fire
MPRegen 0.16/turn               x - +6 ring of intelligence

@: ice-armoured, freezing walls, quick
A: very small, claws 1, fangs 3, see invisible, speed 1, shaggy fur 2, stealthy
paws, no weapons or thrown items, no armour, multi-lived
a: Renounce Religion


You were on level 10 of the Dungeon.
You worshipped Vehumet.
Vehumet was most pleased with you.
You visited 2 branches of the dungeon, and saw 11 of its levels.
You also visited: Sewer and Ossuary.

You collected 620 gold pieces.
You spent 245 gold pieces at shops.

Inventory:

Jewellery
 q - a ring of protection from fire (left paw)
 r - an amulet of faith
 u - a ring of positive energy
 x - a +6 ring of intelligence (right paw)
 y - the brooch of Shielding (around neck) {Spirit SH+8}
   (You took it off an orc on level 10 of the Dungeon)

   [amulet of guardian spirit]

   It causes incoming damage to be divided between your reserves of health and
   magic.
   SH:        It affects your SH (+8).
Wands
 l - a wand of polymorph (8)
 p - a wand of iceblast (5)
Scrolls
 d - 7 scrolls of identify
 f - 3 scrolls of immolation
 g - 8 scrolls of teleportation
 h - 5 scrolls of amnesia
 j - 4 scrolls of blinking
 o - 4 scrolls of silence
 s - 2 scrolls of fog
Potions
 a - a potion of magic
 b - 3 potions of might
 c - 2 potions of flight
 e - 8 potions of curing
 i - 3 potions of berserk rage
 k - 2 potions of cancellation
 m - a potion of heal wounds
 t - a potion of attraction
 v - a potion of invisibility
 w - a potion of lignification {unknown}
 z - a potion of degeneration {unknown}
Miscellaneous
 n - a phial of floods


   Skills:
 - Level 8.0 Fighting
 - Level 6.0 Dodging
 - Level 8.0 Stealth
 - Level 4.0 Unarmed Combat
 + Level 5.7 Spellcasting
 + Level 8.5 Conjurations
 - Level 4.0 Translocations
 - Level 8.0 Ice Magic
 - Level 4.0 Earth Magic
 - Level 4.0 Evocations


You had 2 spell levels left.
You knew the following spells:

 Your Spells              Type           Power      Damage    Failure   Level
a - Freeze                Ice            100%       1d11      1%          1
b - Frozen Ramparts       Ice            100%       1d12      1%          3
c - Ozocubu's Armour      Ice            51%        N/A       1%          3
d - Hailstorm             Conj/Ice       53%        3d12      1%          4
e - Stone Arrow           Conj/Erth      86%        3d12      1%          3
f - Iskenderun's Mystic   Conj/Tloc      43%        2d10      1%          4

Your spell library contained the following spells:

 Spells                   Type           Power      Damage    Failure   Level
 Sticky Flame             Conj/Fire      31%        2d5       3%          4
 Foxfire                  Conj/Fire      100%       2x1d9     1%          1
 Sandblast                Erth           60%        2d14      1%          1
 Blink                    Tloc           60%        N/A       1%          2
 Ensorcelled Hibernation  Hex/Ice        60%        N/A       1%          2
 Passwall                 Tmut/Erth      15%        N/A       4%          2
 Conjure Flame            Conj/Fire      31%        6-21      1%          3
 Iskenderun's Battlesphe  Conj           54%        2d10      1%          5
 Lesser Beckoning         Tloc           30%        N/A       3%          3
 Flame Wave               Conj/Fire      31%        2d8       3%          4
 Fulminant Prism          Conj/Hex       15%        3d11      3%          4
 Inner Flame              Hex/Fire       8%         N/A       5%          3
 Fireball                 Conj/Fire      15%        3d8       9%          5
 Lee's Rapid Deconstruct  Erth           15%        3d11*     9%          5
 Swiftness                Air            8%         N/A       19%         3
 Petrify                  Tmut/Erth      19%        N/A       26%         4
 Manifold Assault         Tloc           30%        N/A       32%         5
 Metabolic Englaciation   Hex/Ice        15%        N/A       32%         5
 Orb of Destruction       Conj           27%        9d9       36%         7
 Conjure Ball Lightning   Conj/Air       15%        3x3d6     38%         6
 Statue Form              Tmut/Erth      12%        N/A       99%         6


Dungeon Overview and Level Annotations

Branches:
Dungeon (10/15)            Temple (1/1) D:5            Lair (0/6) D:9
  Sewer (visited)         Ossuary (visited)
    Orc: D:9-12

Altars:
Ashenzari
Cheibriados
Dithmenos
Elyvilon
Fedhas
Gozag
Hepliaklqana
Kikubaaqudgha
Makhleb
Nemelex Xobeh
Okawaru
Qazlal
Ru
Sif Muna
Trog
Uskayaw
Vehumet
Wu Jian
Xom
Yredelemnul
Zin
The Shining One

Shops:
D:1 ?   D:9 [

Annotations:
D:4 exclusions: phantom and steam dragon
D:6 2 transporters, Flippered's ghost, novice TrEE


Innate Abilities, Weirdness & Mutations

You have sharp claws.
You have razor-sharp teeth.
You have supernaturally acute eyesight. (SInv)
You cover ground quickly. (Speed+)
You are covered in thick fur. (AC +2)
Your paws help you pounce on unaware monsters.
You are incapable of wielding weapons or throwing items.
You cannot wear armour.
You gain extra lives every three experience levels.


Message History

Unknown command.
The centaur warrior shouts!
The deep elf knight shouts!
The centaur warrior wields a +0 longbow.
The centaur warrior shoots an arrow.
The arrow hits you! The deep elf knight blocks your attack.
The centaur warrior shoots an arrow.
You block the arrow.
The deep elf knight gestures wildly while chanting.
The deep elf knight seems to speed up.
The centaur warrior shoots an arrow.
The arrow barely misses you.
Unknown command.
The deep elf knight attacks as you move away!
The deep elf knight barely misses you.
Casting: Ozocubu's Armour (safe; 1% risk of failure)
Confirm with . or Enter, or press ? or * to list all spells.
Casting: Frozen Ramparts (safe; 1% risk of failure)
Press: ? - help, Dir - look around, f - activate The walls around you are covered in ice.
The wall freezes the deep elf knight.
The deep elf knight hits you with a +0 long sword!
The wall freezes the centaur warrior.
The wall freezes the deep elf knight.
The deep elf knight closely misses you.
The wall freezes the centaur warrior.
Casting: Frozen Ramparts (safe; 1% risk of failure)
Confirm with . or Enter, or press ? or * to list all spells.
A film of ice covers your body!
The wall freezes the deep elf knight.
The deep elf knight points at you and mumbles some strange words.
The lance of force hits you.
You are knocked back by the lance of force.
You slam into the stone wall!
* * * LOW HITPOINT WARNING * * *
The wall freezes the centaur warrior!
Unknown command.
You feel much better.
The wall freezes the deep elf knight!
The deep elf knight completely misses you.
The wall freezes the centaur warrior.
The wall freezes the deep elf knight.
The deep elf knight casts a spell at you.
The lance of force hits you!!
* * * LOW HITPOINT WARNING * * *
You are knocked back by the lance of force.
You slam into the stone wall!
You die...

#.....)...............########.##
#.....................########.##
+................................
#...#####'#######################
#...###.....## ..# ##.#...#.
....##.......## ##.# #...#.#..
....#...#.#...## #.##.###.#.#.#.
....#..##.##..#.##".|##.#.#.....#
....#...)#....##@ec# ##'..#.#.#.
###.#..##.##..#.##.[)##.#.#.....#
###.#...#.#...##.##.##.###.#.#.#.
....##.......####.###.###...#.#..
....###.....## ##...## ##.#...#.
....# ###'### ####### ######'###
....#####.#### #.##.###.#^.......
....##....#..###..#..#..#.###'###
....##..#....##.#####.###.).#.#.'


You could see a centaur warrior and a deep elf knight (fast).

Vanquished Creatures
  2 two-headed ogres (D:10)
  2 death yaks (D:9)
  A kobold demonologist (D:10)
  A hornet (D:10)
  3 trolls
  22 yaks
  4 wyverns
  A steam dragon (D:8)
  An acid dragon (D:9)
  A sky beast (D:6)
  An orc warrior (D:10)
  An ice beast (D:7)
  A black bear (D:5)
  2 ogres (D:4)
  7 centaurs
  A phantom (D:5)
  2 kobold brigands
  2 elf zombies (Ossuary)
  3 necrophages
  7 bullfrogs
  2 gnoll sergeants (D:8)
  4 scorpions
  14 wights
  11 killer bees
  5 howler monkeys
  2 crimson imps (D:6)
  A gnoll shaman (D:10)
  A human zombie (Ossuary)
  2 orc priests
  6 hounds
  3 iguanas (D:4)
  Natasha (thrice) (D:3)
  5 orc wizards
  Terence (D:2)
  2 hound zombies (Ossuary)
  3 mummies (Ossuary)
  Robin (D:2)
  5 gnolls
  3 adders
  A shadow imp (D:7)
  3 ufetubi
  5 adder zombies (Ossuary)
  2 dart slugs
  2 worms
  21 orcs
  6 endoplasms
  11 giant cockroaches
  A gnoll zombie (Ossuary)
  17 goblins
  13 hobgoblins
  16 kobolds
  18 quokkas
  13 ball pythons
  7 bats
  12 frilled lizards
  3 goblin zombies (Ossuary)
  3 hobgoblin zombies (Ossuary)
  5 jackal zombies (Ossuary)
  7 kobold zombies (Ossuary)
  3 orc zombies (Ossuary)
  2 quokka zombies (Ossuary)
  9 rats
  4 rat zombies
323 creatures vanquished.

Vanquished Creatures (others)
  An orc (D:8)
1 creature vanquished.

Grand Total: 324 creatures vanquished

Notes
Turn   | Place    | Note
-------+----------+-------------------------------------------
     0 | D:1      | tilp the Felid Ice Elementalist began the quest for the
                  | Orb.
     0 | D:1      | Reached XP level 1. HP: 7/7 MP: 4/4
     4 | D:1      | Found Fobluk's Magic Scroll Emporium.
   238 | D:1      | Reached XP level 2. HP: 12/12 MP: 6/6
   390 | D:1      | Bought a scroll of teleportation for 42 gold pieces
   819 | D:1      | Reached skill level 1 in Fighting
   869 | D:1      | Found a faded altar of an unknown god.
  1082 | D:2      | Noticed Terence
  1130 | D:2      | Reached XP level 3. HP: 15/15 MP: 4/7
  1166 | D:2      | Learned a level 3 spell: Frozen Ramparts
  1181 | D:2      | Identified the +3 helmet of Xinlikis {Drain +Blink +Inv
                  | Regen+}
  1181 | D:2      | Noticed Robin
  1365 | D:2      | Killed Robin
  1490 | D:2      | Killed Terence
  1491 | D:2      | Reached XP level 4. HP: 9/19 MP: 1/8
  1495 | D:2      | Learned a level 3 spell: Ozocubu's Armour
  3526 | D:3      | Noticed Natasha
  3537 | D:3      | Killed Natasha
  3538 | D:3      | Reached skill level 5 in Ice Magic
  3538 | D:3      | Reached XP level 5. HP: 7/22 MP: 4/10
  4040 | D:1      | Bought a scroll of silence for 105 gold pieces
  5103 | D:3      | Noticed Natasha
  5108 | D:3      | Killed Natasha
  5288 | D:3      | Noticed Natasha
  5291 | D:3      | Killed Natasha
  5383 | D:4      | Noticed a phantom
  5511 | D:4      | Gained mutation: You are covered in thick fur. (AC +2)
                  | [Felid growth]
  5511 | D:4      | Reached XP level 6. HP: 26/26 MP: 3/11
  5866 | D:4      | Reached skill level 1 in Unarmed Combat
  5866 | D:4      | Reached skill level 1 in Evocations
  5946 | D:4      | Noticed a steam dragon
  5989 | D:4      | Reached XP level 7. HP: 30/30 MP: 2/12
  6256 | D:4      | Learned a level 4 spell: Hailstorm
  6677 | D:4      | Found a broken altar of Ashenzari.
  6677 | D:4      | Found an opulent altar of Gozag.
  6745 | D:5      | Entered Level 5 of the Dungeon
  6822 | D:5      | Found a staircase to the Ecumenical Temple.
  7041 | D:5      | Found a glowing drain.
  7120 | Sewer    | Entered a sewer
  7874 | Sewer    | Reached XP level 8. HP: 21/36 MP: 4/13
  8125 | Temple   | Entered the Ecumenical Temple
  8366 | D:1      | Bought a scroll of immolation for 49 gold pieces
  8366 | D:1      | Bought a scroll of amnesia for 49 gold pieces
  8448 | Temple   | Became a worshipper of Vehumet
  8763 | D:5      | Reached skill level 5 in Stealth
  9300 | D:5      | Reached skill level 5 in Fighting
  9756 | D:6      | Found a sand-covered staircase.
  9821 | Ossuary  | Entered an ossuary
  9933 | Ossuary  | Reached * piety under Vehumet
  9933 | Ossuary  | Offered knowledge of Magic Dart by Vehumet.
 11151 | Ossuary  | Reached skill level 1 in Conjurations
 11745 | D:6      | Found a transporter.
 11750 | D:6      | Found a transporter.
 11754 | D:6      | Noticed Flippered's ghost (novice TrEE)
 12080 | D:6      | Reached XP level 9. HP: 41/41 MP: 15/15
 12084 | D:6      | Learned a level 3 spell: Stone Arrow
 12419 | D:7      | Found a sacrificial altar of Ru.
 12484 | D:7      | Found a stormy altar of Qazlal.
 12672 | D:7      | Reached skill level 1 in Earth Magic
 13090 | D:7      | Noticed a troll
 13503 | D:7      | Killed a troll
 13812 | D:8      | Reached skill level 5 in Conjurations
 14424 | D:8      | Reached XP level 10. HP: 38/45 MP: 6/18
 14433 | D:8      | Reached ** piety under Vehumet
 14433 | D:8      | Offered knowledge of Poisonous Vapours by Vehumet.
 14438 | D:8      | Reached skill level 5 in Spellcasting
 14832 | D:8      | Found an ornate altar of the Wu Jian Council.
 14841 | D:8      | Found a shimmering blue altar of Sif Muna.
 15108 | D:8      | Slain by a yak
 15109 | D:8      | Reached XP level 9. HP: 0/41 MP: 5/17
 15449 | D:9      | Noticed a death yak
 15450 | D:9      | Noticed a death yak
 15897 | D:9      | Found a staircase to the Lair.
 15997 | D:9      | Noticed a death yak
 16838 | D:9      | Killed a death yak
 16839 | D:9      | Reached XP level 10. HP: 19/45 MP: 1/18
 17028 | D:9      | Offered knowledge of Static Discharge by Vehumet.
 17862 | D:9      | Found Kugeh's Armour Boutique.
 17987 | D:10     | Entered Level 10 of the Dungeon
 18380 | D:9      | Killed a death yak
 18381 | D:9      | Reached skill level 5 in Dodging
 18515 | D:10     | Noticed a two-headed ogre
 18523 | D:10     | Killed a two-headed ogre
 18796 | D:10     | Noticed a two-headed ogre
 18799 | D:10     | Identified the +5 halberd "Barubb" {antimagic, Dex+4}
 18811 | D:10     | Mangled by a red devil
 18812 | D:10     | Reached XP level 9. HP: -9/42 MP: 4/17
 19192 | D:10     | Killed a kobold demonologist
 19192 | D:10     | Reached *** piety under Vehumet
 19193 | D:10     | Reached XP level 10. HP: 47/47 MP: 4/18
 19334 | D:10     | Learned a level 4 spell: Iskenderun's Mystic Blast
 19623 | D:10     | Reached skill level 1 in Translocations
 19765 | D:10     | Offered knowledge of Sticky Flame by Vehumet.
 20760 | D:10     | Killed a two-headed ogre
 20944 | D:10     | Noticed a centaur warrior
 20945 | D:10     | Noticed a deep elf knight
 20951 | D:10     | Collided with a stone wall

Illustrated notes

Levels and vault maps discovered:
D:1:      minmay_arrival_nine_rooms, layout_basic,
          shapermc_ecumenical_altar_mp_highgroup, serial_shops, shop_scrolls
D:2:      layout_rooms, serial_rivers, chequers_serial_rivers_micro_d,
          chequers_serial_rivers_micro_c, chequers_serial_rivers_micro_e,
          chequers_serial_rivers_marsh, chequers_serial_rivers_large_a,
          chequers_serial_rivers_small_b, uniq_terence, uniq_robin
D:3:      layout_basic, hangedman_decor_points, guppyfry_early_orc_mine,
          uniq_natasha
D:4:      minmay_razor_zed, layout_rooms, gammafunk_temple_overflow_elements,
          kennysheep_generic_room_2
D:5:      layout_gridville, minmay_temple_entry_proselytizer,
          serial_co_window_serial, co_window_paths_b, co_window_paths_a,
          co_window_paths_a, co_window_of_opportunity_a, co_window_cross_1,
          co_window_broadway_c, co_window_corner_ca, co_window_corner_b,
          co_window_corner_b, co_window_broadway_a, co_window_corner_b,
          glass_columns_a, glass_columns_a, glass_columns_a, glass_columns_b,
          glass_columns_c, portal_sewer_entry_a
D:6:      layout_basic, gammafunk_ghost_arena, enter_ossuary_4
D:7:      layout_loops_ring, kennysheep_little_box,
          mainiacjoe_overflow_small_starburst, nicolae_fountain_basement
D:8:      layout_basic, mainiacjoe_overflow_swirl, minmay_starry_boxes
D:9:      layout_loops_cross, dpeg_lair_monsters, serial_shops, shop,
          nicolae_zen_rock_garden
D:10:     minmay_the_grid_3x2 [minmay_the_grid_doors, minmay_the_grid_all_tris,
          minmay_the_grid_embedded, minmay_the_grid_diamond_grid,
          minmay_the_grid_plusring, minmay_the_grid_prize_diamond_cup],
          layout_long_grid, chequers_serial_rivers_micro_a, minmay_liquid_box,
          grunt_ogre_cave, minmay_misc_feat_rugged, minmay_statues_item
Temple:   eino_temple_scatter_basement

Skill      XL: |  1  2  3  4  5  6  7  8  9 10 |
---------------+-------------------------------+-----
Ice Magic      | 4 5 6 8 |  8.0
Fighting       | 1 2 4 6 7 8 |  8.0
Spellcasting   | 3 4 5 |  5.7
Stealth        | 3 4 6 8 7 |  8.0
Dodging        | 3 4 6 5 |  6.0
Unarmed Combat | 1 3 4 |  4.0
Evocations     | 1 2 4 |  4.0
Conjurations   | 2 7 8 |  8.5
Earth Magic    | 4 |  4.0
Translocations | 4 |  4.0

Action                   |  1- 3 |  4- 6 |  7- 9 | 10-12 || total
-------------------------+-------+-------+-------+-------++-------
Melee: Unarmed           |    15 |    13 |   373 |    55 ||   456
       Bite              |     1 |       |    55 |     7 ||    63
       Punch             |       |       |    16 |     2 ||    18
 Cast: Freeze            |    44 |    52 |    79 |       ||   175
       Frozen Ramparts   |     4 |    10 |    44 |    24 ||    82
       Ozocubu's Armour  |       |     6 |    49 |    20 ||    75
       Stone Arrow       |       |       |    57 |    36 ||    93
       Hailstorm         |       |       |     7 |     7 ||    14
Evoke: Wand              |       |       |     3 |       ||     3
  Use: Scroll            |       |       |    14 |       ||    14
       Potion            |       |       |       |     1 ||     1
 Stab: Sleeping          |     7 |     8 |    22 |     4 ||    41
Armor: Skin              |     4 |     5 |    65 |    11 ||    85
Dodge: Dodged            |    36 |    38 |   375 |    89 ||   538
Block: Other             |       |       |       |     3 ||     3

Table legend: (Time is in decaauts)
 A = Elapsed time spent in this place.
 B = Non-inter-level travel time spent in this place.
 C = Inter-level travel time spent in this place.
 D = Time resting spent in this place.
 E = Time spent auto-exploring this place.
 F = Levels seen in this place.
 G = Mean time per level.
                   A        B        C        D        E       F      G
               +--------+--------+--------+--------+--------+-----+--------+
         Total |  19222 |  18260 |    962 |   7119 |   8314 |  13 | 1478.6 |
       Dungeon |  16436 |  15501 |    935 |   5467 |   7882 |  10 | 1643.6 |
        Temple |    159 |    133 |     26 |      0 |    120 |   1 |  159.0 |
         Sewer |    987 |    987 |      0 |    454 |    312 |   1 |  987.0 |
       Ossuary |   1639 |   1639 |      0 |   1197 |      0 |   1 | 1639.0 |
               +--------+--------+--------+--------+--------+-----+--------+

Top non-repeatable levels by time:
     D:9: 2270 daAuts
     D:8: 2237 daAuts
     D:3: 2214 daAuts
    D:10: 2140 daAuts
 Ossuary: 1639 daAuts
     D:2: 1597 daAuts
     D:5: 1440 daAuts
     D:7: 1396 daAuts
     D:4: 1272 daAuts
     D:1: 1090 daAuts
   Sewer: 987 daAuts
     D:6: 776 daAuts
  Temple: 159 daAuts
